Map: Eternal Empire LE

Players

JBoneOwns

  • Race: Terran Terran
  • League: Silver
  • Spawn Location: 1:00

AngryMikeey - Winner!

  • Race: Zerg Zerg
  • League: Silver
  • Spawn Location: 7:00

VOD

Have the link to the VOD?

Description

Time

  • Played on: Feb. 2, 2020, 12:03 a.m.
  • Length: 27:10
Show
View Real Time Build Order
Export as new Build Order

JBoneOwns Terran 

Build Orders: Liberator Opening 

Get SALT Encoding   

  12  0:01  SCV  
  13  0:17  SCV  
  14  0:26  Supply Depot  
  14  0:29  SCV  
  15  0:51  Barracks  
  15  0:54  SCV, Refinery  
  16  1:12  SCV  
  17  1:30  SCV  
  18  1:39  Command Center  
  18  1:54  Orbital Command  
  18  2:05  Supply Depot  
  18  2:07  Marine  
  19  2:22  Factory  
  19  2:26  Barracks Reactor  
  19  2:34  Bunker  
  19  2:40  SCV  
  20  2:49  Refinery  
  20  2:52  SCV  
  21  3:01  Orbital Command  
  21  3:15  Starport  
  21  3:20  Hellion  
  23  3:33  SCV x2  
  23  3:34  Supply Depot  
  25  3:39  Refinery  
  25  3:40  Marine  
  26  3:52  Liberator  
  29  3:59  Hellion  
  30  4:22  Hellion x2  
  34  4:26  Barracks Tech Lab  
  34  4:31  Factory  
  32  4:48  Starport Tech Lab  
  32  4:53  Liberator  
  32  4:55  Hellion x2  
  32  4:57  SCV x2  
  41  5:09  SCV  
  41  5:10  SCV  
  43  5:27  Hellion  
  45  5:31  Infernal Pre-Igniter  
  45  5:38  Supply Depot  
  45  5:42  Supply Depot  
  45  5:44  Supply Depot, Hellion  
  47  6:05  Hellion x2  
  41  6:33  Hellion x3  
  41  6:35  SCV  
  41  6:37  SCV  
  49  6:42  Refinery  
  49  6:47  SCV  
  49  6:49  SCV  
  51  7:05  Starport Reactor  
  51  7:08  Hellion x2  
  55  7:09  Hellion  
  55  7:13  Armory  
  57  7:19  Armory  
  51  7:41  Hellion x2  
  51  7:42  Hellion  
  55  7:53  Viking x2  
  59  8:03  Hellion x3, Supply Depot  
  59  8:04  Supply Depot  
  65  8:08  Terran Vehicle Weapons Level 1  
  65  8:09  Terran Vehicle And Ship Armor Level 1  
  65  8:26  Supply Depot  
  65  8:33  Hellion x3  
  65  9:12  Factory  
  65  9:14  SCV x2, Factory  
  65  9:16  Factory  
  67  9:26  SCV  
  67  9:27  SCV  
  67  9:29  Siege Tank  
  74  9:31  Hellion  
  74  9:39  SCV x2, Liberator  
  79  9:57  Liberator  
  82  10:07  Siege Tank  
  85  10:08  Factory Tech Lab  
  85  10:09  Factory Tech Lab  
  85  10:10  Factory Tech Lab  
  85  10:17  SCV x2  
  87  10:26  Terran Vehicle Weapons Level 2, Terran Vehicle And Ship Armor Level 2  
  87  10:29  SCV x2  
  87  10:31  Thor  
  87  10:35  Thor  
  70  11:05  Hellion x3  
  70  11:06  Hellion  
  78  11:15  Hellion  
  82  11:18  Hellion  
  82  11:27  Hellion  
  82  11:28  Command Center  
  84  11:55  Hellion x8  
  84  12:02  Siege Tank x2  
  84  12:06  Hellion x2, Siege Tank  
  84  12:07  Hellion  
  99  12:28  Hellion  
  101  12:40  Bunker  
  101  12:45  Orbital Command  
  101  12:46  SCV x2  
  97  12:58  SCV  
  97  12:59  SCV  
  83  13:11  SCV x2  
  85  13:17  SCV  
  85  13:18  Refinery x2  
  86  13:23  SCV x2  
  86  13:24  Thor x3  
  106  13:28  Hellion  
  106  13:29  SCV  
  109  13:53  Thor  
  115  14:04  SCV x2  
  117  14:13  SCV, Thor  
  117  14:16  SCV  
  125  14:20  Command Center, Thor  
  131  14:24  Supply Depot  
  131  14:26  Terran Vehicle Weapons Level 3, Terran Vehicle And Ship Armor Level 3  
  131  14:27  Supply Depot  
  131  14:48  Supply Depot  
  88  15:42  Siege Tank x3  
  85  15:44  Hellion x3  
  91  15:52  SCV x2  
  91  15:53  SCV  
  94  16:04  SCV  
  94  16:05  Hellion, Orbital Command, Thor  
  103  16:14  Thor x2  
  115  16:19  Siege Tank  
  118  16:31  Liberator x2  
  124  16:40  Hellion x2  
  128  16:48  Siege Tank  
  128  16:51  Thor  
  136  16:57  Hellion, Thor  
  144  17:01  Hellion  
  144  17:05  SCV  
  144  17:06  SCV x2  
  149  17:12  Refinery  
  149  17:18  SCV x2, Thor  
  149  17:20  Thor  
  163  17:38  Refinery  
  163  18:05  Thor x2  
  169  18:08  Hellion x2  
  179  18:14  Thor x2  
  179  18:16  Supply Depot  
  191  18:39  Supply Depot  
  179  18:48  Thor  
  74  19:42  Thor x4  
  98  19:47  Hellion  
  98  19:48  Hellion  
  102  20:08  Hellion  
  102  20:09  Hellion  
  106  20:23  SCV x2  
  106  20:24  SCV x2  
  106  20:25  Thor x4  
  134  20:30  Hellion x2  
  138  20:40  Factory x2  
  138  20:47  Factory  
  138  20:51  Hellion  
  138  20:52  Hellion  
  140  21:08  Hellion x3  
  140  21:09  Hellion  
  148  21:13  Hellion x2  
  152  21:29  Hellion  
  152  21:30  Hellion x3  
  160  21:51  Hellion  
  100  22:48  Thor x3  
  100  22:49  Thor  
  100  22:50  Hellion x2  
  101  23:12  Hellion x2  
  100  23:31  Hellion x2  
  50  23:54  Factory Tech Lab x3  
  43  23:57  Siege Tank x4  
  44  24:29  Hellion  
  24  26:05  Supply Depot x3  
  24  26:06  Supply Depot  
  24  26:07  Supply Depot  
  24  26:08  Supply Depot  
  24  26:09  Supply Depot  
  24  26:10  Supply Depot  
  24  26:11  Supply Depot x2  
  24  26:12  Supply Depot x2  
  24  26:13  Supply Depot  
  24  26:14  Supply Depot  
  24  26:16  Supply Depot  
  24  26:18  Supply Depot  
  24  26:19  Supply Depot  
  24  26:21  Supply Depot  
  22  26:29  Supply Depot  
Show
View Real Time Build Order
Export as new Build Order

AngryMikeey Zerg - Winner!

Build Orders: Hatch First 

Get SALT Encoding   

  12  0:01  Drone  
  13  0:12  Overlord  
  13  0:31  Drone x2  
  13  0:32  Drone  
  16  0:54  Hatchery  
  15  0:59  Drone x2  
  17  1:15  Spawning Pool  
  17  1:18  Extractor  
  15  1:27  Drone x3  
  18  1:47  Drone  
  18  1:50  Drone  
  20  2:05  Queen  
  22  2:09  Queen  
  22  2:11  Zergling x2  
  22  2:12  Zergling x2  
  26  2:20  Drone  
  26  2:21  Drone  
  28  2:23  Metabolic Boost  
  28  2:31  Overlord x2  
  28  2:49  Drone x2  
  30  2:55  Hatchery  
  29  3:16  Drone x5  
  29  3:17  Drone  
  29  3:19  Pneumatized Carapace  
  36  3:34  Drone x4  
  36  3:35  Drone x2  
  41  3:44  Zergling x2  
  42  3:54  Drone x2  
  44  4:06  Queen  
  46  4:33  Drone x3  
  46  4:34  Drone  
  46  4:37  Overlord x2  
  50  5:03  Queen x2  
  50  5:04  Queen  
  56  5:07  Drone x6  
  56  5:08  Drone x4  
  66  5:16  Overlord x3  
  66  5:39  Extractor  
  65  5:49  Extractor  
  64  5:52  Extractor x2  
  64  5:55  Extractor  
  61  6:06  Lair, Evolution Chamber  
  61  6:07  Evolution Chamber  
  61  6:08  Roach Warren  
  51  6:34  Drone  
  51  6:35  Drone x6  
  51  6:36  Drone  
  59  6:59  Zerg Missile Weapons Level 1, Zerg Ground Armor Level 1  
  59  7:03  Glial Reconstitution  
  59  7:11  Drone x3  
  59  7:13  Drone x2  
  59  7:14  Drone  
  65  7:16  Drone x2  
  65  7:17  Drone  
  57  7:41  Roach x3  
  57  7:42  Roach x13  
  89  7:44  Overlord  
  89  7:45  Overlord x2  
  89  7:49  Drone  
  90  8:24  Roach  
  90  8:25  Roach x7  
  106  8:29  Overlord x2  
  97  9:05  Queen x2  
  97  9:06  Queen  
  103  9:21  Drone  
  103  9:22  Drone x15  
  103  9:23  Drone  
  120  9:32  Ravager x2  
  120  9:35  Overlord x2  
  122  9:48  Burrow  
  122  10:03  Ravager  
  73  11:04  Roach x2  
  73  11:05  Roach x30  
  73  11:06  Roach  
  137  11:24  Hydralisk Den  
  137  11:25  Zerg Missile Weapons Level 2  
  136  11:26  Zerg Ground Armor Level 2  
  136  11:28  Ravager x2  
  138  11:34  Overlord x3  
  138  11:53  Ravager  
  140  11:54  Ravager  
  140  11:58  Hatchery, Grooved Spines  
  139  12:18  Hydralisk  
  139  12:19  Hydralisk x10  
  161  12:30  Infestation Pit  
  160  12:53  Overseer x3  
  102  13:10  Muscular Augments  
  90  13:15  Hive  
  90  13:19  Drone x6  
  97  13:20  Drone x6  
  97  13:21  Drone x2  
  97  13:24  Overlord x3  
  104  13:38  Roach x17  
  104  13:39  Roach  
  140  13:43  Overlord x2  
  140  14:09  Ravager x2  
  142  14:13  Lurker Den  
  141  14:20  Extractor  
  141  14:22  Extractor  
  139  14:39  Ravager x3  
  139  14:42  Hydralisk x6  
  139  14:43  Hydralisk  
  156  14:46  Hatchery, Viper x2  
  156  14:47  Viper  
  143  15:15  Adaptive Talons  
  85  15:54  Drone x2  
  85  15:55  Drone  
  88  16:02  Hydralisk x10  
  88  16:03  Hydralisk x10  
  128  16:10  Viper x3  
  137  16:12  Seismic Spines  
  137  16:17  Roach x2  
  137  16:18  Roach x5  
  151  16:20  Roach  
  153  17:07  Lurker x3  
  153  17:08  Lurker x5  
  161  17:09  Lurker x5  
  161  17:11  Hydralisk x3  
  172  18:09  Zerg Missile Weapons Level 3  
  172  18:10  Zerg Ground Armor Level 3  
  172  18:15  Hydralisk  
  172  18:16  Hydralisk x6  
  187  18:27  Drone x5  
  187  18:28  Drone x5  
  187  18:32  Drone  
  187  18:33  Drone x2  
  113  19:18  Hydralisk  
  113  19:19  Hydralisk x18  
  113  19:38  Overlord  
  113  19:39  Overlord x3  
  104  20:20  Extractor x2  
  102  20:29  Drone x3  
  102  20:31  Drone x2  
  102  20:32  Drone  
  108  20:44  Hydralisk x6  
  108  20:45  Hydralisk x4  
  128  21:02  Nydus Network  
  127  21:48  Lurker x2  
  127  21:49  Lurker x3  
  127  21:54  Hydralisk x6, Lurker  
  133  21:56  Lurker  
  133  21:58  Lurker  
  135  22:03  Hydralisk x7  
  135  22:04  Hydralisk x18  
  125  22:25  Hydralisk x8  
  125  22:26  Hydralisk x8  
  111  24:57  Zergling x2  
  111  24:58  Zergling x42  
  111  24:59  Zergling x32  
Tags
 
Add a new tag
Caveats
  • Supply blocks, unpowered buildings, or Contaminate may cause inaccurate times.
  • Supply counts are checked every 10 seconds.